 Dungeon Crawl Stone Soup version 0.29.0-11-gd7f09526c8 (webtiles) character file.

Game seed: 15704757293701878703

4610 greenreed the Ducker (level 10, -9/68 HPs)
             Began as a Gnoll Arcane Marksman on Sept 4, 2022.
             Was a Priest of Hepliaklqana.
             Mangled by an orc warlord
             ... wielding a +2 battleaxe
              (31 damage)
             ... in a bailey.
             The game lasted 00:37:02 (10818 turns).

greenreed the Ducker (Gnoll Arcane Marksman)       Turns: 10818, Time: 00:37:03

Health: -9/68      AC: 10    Str: 15    XL:     10   Next: 42%
Magic:  19/19      EV: 15    Int: 14    God:    Hepliaklqana [***...]
Gold:   343        SH: 10    Dex: 16    Spells: 17/21 levels left

rFire   . . .      SeeInvis .   h - +8 war axe "Toqiam" {vorpal, Fly rCorr}
rCold   . . .      Faith    .   n - +0 buckler {AC+3}
rNeg    . . .      Spirit   .   c - +0 robe
rPois   .          Reflect  +   o - +0 helmet
rElec   .          Harm     .   E - +0 cloak
rCorr   +          Rampage  .   m - +0 pair of gloves
Will    .....                   q - +0 pair of boots
Stlth   +++.......              L - amulet of reflection
HPRegen 0.21/turn               I - +6 ring of strength
MPRegen 0.16/turn               O - ring of wizardry

@: flying
A: reduced essence, fangs 1, strong nose, distributed training
a: Renounce Religion, Recall Ancestor, Ancestor Identity, Transference


You were in a bailey.
You worshipped Hepliaklqana.
Hepliaklqana was most pleased with you.
You visited 2 branches of the dungeon, and saw 10 of its levels.
You also visited: Bailey.

You collected 343 gold pieces.

Inventory:

Hand Weapons
 a - a +1 sling
 h - the +8 war axe "Toqiam" (weapon) {vorpal, Fly rCorr}
   (You found it on level 9 of the Dungeon)

   It inflicts extra damage upon your enemies.
   Fly:       It grants you flight.
   rCorr:     It protects you from acid and corrosion.
 y - a +0 spear of venom
 B - the +5 flail of Conscience {vorpal, rN+ Int+2}
   (You took it off a gnoll bouda on level 3 of the Dungeon)

   It inflicts extra damage upon your enemies.
   Int:       It affects your intelligence (+2).
   rN:        It protects you from negative energy.
 C - a +2 spear of flaming
 D - a +1 mace of holy wrath
Missiles
 d - 16 poisoned darts
 K - 2 throwing nets
Armour
 c - a +0 robe (worn)
 m - a +0 pair of gloves (worn)
 n - a +0 buckler of protection (worn)
 o - a +0 helmet (worn)
 q - a +0 pair of boots (worn)
 E - a +0 cloak (worn)
Jewellery
 I - a +6 ring of strength (left hand)
 L - an amulet of reflection (around neck)
 O - a ring of wizardry (right hand)
Wands
 k - a wand of polymorph (2)
 A - a wand of quicksilver (9)
 H - a wand of digging (6)
Scrolls
 b - a scroll of poison
 f - 3 scrolls of amnesia
 p - a scroll of teleportation
 r - 2 scrolls of magic mapping
 s - 5 scrolls of fear
 t - a scroll of enchant armour {unknown}
 u - a scroll of vulnerability {unknown}
 v - a scroll of blinking {unknown}
 x - 2 scrolls of enchant weapon {unknown}
 J - 2 scrolls of noise {unknown}
 M - 2 scrolls of butterflies {unknown}
 P - a scroll of brand weapon {unknown}
Potions
 e - 4 potions of curing
 g - a potion of might {unknown}
 i - 2 potions of heal wounds {unknown}
 j - 3 potions of degeneration
 l - 2 potions of flight {unknown}
 w - 2 potions of magic {unknown}
 z - a potion of berserk rage {unknown}
 F - 3 potions of mutation
 G - a potion of ambrosia {unknown}
 N - a potion of lignification {unknown}
 Q - a potion of attraction {unknown}


   Skills:
 + Level 6.1 Fighting
 + Level 5.4 Short Blades
 + Level 5.4 Long Blades
 + Level 5.4 Axes
 + Level 5.4 Maces & Flails
 + Level 5.4 Polearms
 + Level 5.4 Staves
 + Level 7.2 Ranged Weapons
 + Level 5.4 Throwing
 + Level 5.4 Armour
 + Level 7.2 Dodging
 + Level 5.4 Stealth
 + Level 5.4 Shields
 + Level 5.4 Unarmed Combat
 + Level 6.2 Spellcasting
 + Level 4.5 Conjurations
 + Level 7.2 Hexes
 + Level 4.5 Summonings
 + Level 4.5 Necromancy
 + Level 4.5 Translocations
 + Level 4.5 Transmutations
 + Level 4.5 Fire Magic
 + Level 4.5 Ice Magic
 + Level 4.5 Air Magic
 + Level 4.5 Earth Magic
 + Level 4.5 Poison Magic
 + Level 6.0 Invocations
 + Level 5.4 Evocations


You had 17 spell levels left.
You knew the following spells:

 Your Spells              Type           Power      Damage    Failure   Level
a - Slow                  Hex            96%        N/A       1%          1
b - Inner Flame           Hex/Fire       20%        N/A       2%          3

Your spell library contained the following spells:

 Spells                   Type           Power      Damage    Failure   Level
 Magic Dart               Conj           68%        1d6       1%          1
 Shock                    Conj/Air       68%        1d7       1%          1
 Searing Ray              Conj           34%        2d5       1%          2
 Static Discharge         Conj/Air       17%        3-6/arc   1%          2
 Dazzling Flash           Conj/Hex       40%        N/A       2%          3
 Portal Projectile        Hex/Tloc       40%        N/A       2%          3
 Conjure Flame            Conj/Fire      17%        6-21      4%          3
 Ignite Poison            Fire/Tmut/Pois 17%        N/A       4%          3
 Swiftness                Air            17%        N/A       4%          3
 Cause Fear               Hex            12%        N/A       4%          4
 Fulminant Prism          Conj/Hex       10%        3d9       7%          4
 Airstrike                Air            8%         2d(2-18)  12%         4
 Iskenderun's Mystic Bla  Conj/Tloc      17%        2d5       12%         4
 Sticky Flame             Conj/Fire      17%        2d4       12%         4
 Silence                  Hex/Air        10%        N/A       19%         5
 Agony                    Necr           17%        N/A       32%         5
 Lee's Rapid Deconstruct  Erth           8%         3d8*      32%         5
 Lightning Bolt           Conj/Air       8%         1d21      32%         5
 Maxwell's Capacitive Co  Air            8%         ∞         100%        8


Dungeon Overview and Level Annotations

Branches:
Dungeon (9/15)             Temple (1/1) D:6            Lair (0/5) D:9
    Orc (0/2) D:9          Bailey (1/1)

Altars:
Dithmenos
Elyvilon
Fedhas
Hepliaklqana
Kikubaaqudgha
Okawaru
Qazlal
Ru
Trog
Vehumet
Xom
The Shining One

Shops:
D:8 *

Annotations:
D:2 Sigmund
D:4 3 runed translucent doors, stevemasterson's ghost, amateur MiBe
Temple 2 transporters


Innate Abilities, Weirdness & Mutations

Your life essence is reduced to manifest your ancestor. (-10% HP)
You have very sharp teeth.
Your uncanny sense of smell can sniff out nearby items.
Your experience applies equally to all skills.


Message History

Unknown command.
The orc warlord is engulfed in poison gas.
The orc warlord is poisoned.
Cuahtemoc hits the orc priest with a +0 flail.
The orc priest hits Cuahtemoc with a +0 hand axe.
The orc hits Cuahtemoc but does no damage.
The orc hits Cuahtemoc with a +0 club.
Really fly into that cloud of poison gas?
Okay, then.
You hit the orc warlord.
The orc warlord is lightly wounded.
The orc warlord is engulfed in poison gas.
The orc warlord looks even sicker.
Cuahtemoc hits the orc with a +0 flail.
Cuahtemoc blocks the orc priest's attack.
The orc hits Cuahtemoc but does no damage.
The orc closely misses Cuahtemoc.
The orc warlord is engulfed in poison gas.
The orc warlord looks even sicker.
The orc warlord hits you with a +2 battleaxe.
You hit the orc warlord.
You bite the orc warlord, but do no damage.
The orc warlord is moderately wounded.
Cuahtemoc hits the orc with a +0 flail!
The orc dies!
The orc's corpse dissolves into shadows!
Cuahtemoc blocks the orc's attack.
Cuahtemoc blocks the orc priest's attack.
The orc warlord is engulfed in poison gas.
The orc warlord looks as sick as possible!
The orc warlord closely misses you.
Cuahtemoc hits the orc with a +0 flail.
You slash the orc warlord!
You bite the orc warlord, but do no damage.
The orc warlord is moderately wounded.
Cuahtemoc blocks the orc's attack.
The orc priest invokes the aid of Beogh against you.
Beogh smites you!
The orc warlord is engulfed in poison gas.
The orc warlord looks as sick as possible!
The orc warlord hits you with a +2 battleaxe!!
You die...

#.....g...##
#.....⌠..o..#######
##.....)...##§§§§§##
'..)......§§§§§§§§#
##.......##§§§§§§§##
#.......#☼§§☼§§☼§§#
##.....##§§§§§§§§§##
#######☼§§§§§§§§§§#
##.....##§☼@oooo§§##
#:.....)#§§§☼o§☼o§#
##.......##§§ooo§§##
#...o.....#§o.§☼o§#
#.....o...##☼§§R[##
........o..####o##
#.........##..[§☼##
#.........#..).§§§#
#...g.)o##.......##


You could see the friendly Cuahtemoc the knight, an orc warlord (extremely
poisoned), an orc warrior (summoned, strong), an orc priest (summoned, strong)
and 9 orcs.

Vanquished Creatures
  An orc knight (Bailey)
  A wyvern (D:8)
  An acid dragon (D:9)
  8 orc warriors (Bailey)
  A phantom (D:4)
  2 bullfrogs
  A gnoll sergeant (D:5)
  4 scorpions
  A howler monkey (D:4)
  A jelly (D:4)
  A gnoll bouda (D:3)
  4 orc priests
  3 hounds
  2 iguanas (D:4)
  Terence (D:1)
  2 orc wizards
  Robin (D:2)
  13 gnolls
  6 adders
  3 white imps (D:6)
  2 worms
  6 dart slugs
  28 orcs
  9 ball pythons
  7 bats
  3 endoplasms
  6 giant cockroaches
  18 goblins
  11 hobgoblins
  11 kobolds
  6 quokkas
  4 frilled lizards
  4 rats
172 creatures vanquished.

Vanquished Creatures (collateral kills)
  A hornet (D:8)
  A wyvern (D:9)
  A wraith (D:8)
  2 orc warriors (D:8)
  A sky beast (D:6)
  A centaur (D:8)
  2 phantoms
  A kobold brigand (D:8)
  A gnoll sergeant (D:6)
  A necrophage (D:6)
  Blork the orc (D:5)
  A scorpion (D:5)
  2 howler monkeys
  A hound (D:6)
  An orc priest (D:8)
  A jelly (D:6)
  2 iguanas (D:7)
  7 orc wizards
  6 gnolls
  An adder (D:5)
  A white imp (D:5)
  9 orcs
  6 goblins
  3 kobolds (D:8)
  2 butterflies (D:7)
56 creatures vanquished.

Vanquished Creatures (others)
  5 knights
  2 ancestors (D:5)
  An orc (D:9)
  13 plants (D:9)
21 creatures vanquished.

Grand Total: 249 creatures vanquished

Notes
Turn   | Place    | Note
-------+----------+-------------------------------------------
     0 | D:1      | greenreed the Gnoll Arcane Marksman began the quest for the
                  | Orb.
     0 | D:1      | Reached XP level 1. HP: 17/17 MP: 4/4
   166 | D:1      | Reached XP level 2. HP: 23/23 MP: 5/5
   471 | D:1      | Reached XP level 3. HP: 28/28 MP: 7/7
   912 | D:2      | Reached skill level 1 in Invocations
   918 | D:2      | Reached skill level 1 in Short Blades
   918 | D:2      | Reached skill level 1 in Long Blades
   918 | D:2      | Reached skill level 1 in Axes
   918 | D:2      | Reached skill level 1 in Maces & Flails
   918 | D:2      | Reached skill level 1 in Polearms
   918 | D:2      | Reached skill level 1 in Staves
   918 | D:2      | Reached skill level 1 in Throwing
   918 | D:2      | Reached skill level 1 in Armour
   918 | D:2      | Reached skill level 1 in Stealth
   918 | D:2      | Reached skill level 1 in Shields
   918 | D:2      | Reached skill level 1 in Unarmed Combat
   918 | D:2      | Reached skill level 1 in Evocations
  1039 | D:2      | Reached XP level 4. HP: 21/34 MP: 8/8
  1165 | D:2      | Noticed Robin
  1501 | D:2      | Noticed Sigmund
  1730 | D:2      | Noticed Terence
  1859 | D:1      | Killed Terence
  1860 | D:1      | Reached skill level 1 in Conjurations
  1860 | D:1      | Reached skill level 1 in Summonings
  1860 | D:1      | Reached skill level 1 in Necromancy
  1860 | D:1      | Reached skill level 1 in Translocations
  1860 | D:1      | Reached skill level 1 in Transmutations
  1860 | D:1      | Reached skill level 1 in Fire Magic
  1860 | D:1      | Reached skill level 1 in Ice Magic
  1860 | D:1      | Reached skill level 1 in Air Magic
  1860 | D:1      | Reached skill level 1 in Earth Magic
  1860 | D:1      | Reached skill level 1 in Poison Magic
  1933 | D:2      | Killed Robin
  1958 | D:2      | Reached XP level 5. HP: 31/39 MP: 9/9
  2702 | D:2      | Found a stormy altar of Qazlal.
  3288 | D:3      | Found a stormy altar of Qazlal.
  3643 | D:3      | Found a sacrificial altar of Ru.
  4092 | D:3      | Identified the +5 flail of Conscience {vorpal, rN+ Int+2}
  4306 | D:3      | Reached XP level 6. HP: 47/47 MP: 11/11
  4526 | D:3      | Found a faded altar of an unknown god.
  4857 | D:3      | Found a hazy altar of Hepliaklqana.
  4863 | D:3      | Became a worshipper of Hepliaklqana the Forgotten
  4902 | D:3      | Reached skill level 5 in Ranged Weapons
  4902 | D:3      | Reached skill level 5 in Dodging
  5767 | D:4      | Reached XP level 7. HP: 52/52 MP: 10/12
  5920 | D:4      | Found an iron altar of Okawaru.
  6216 | D:4      | Reached * piety under Hepliaklqana
  6301 | D:4      | Noticed stevemasterson's ghost (amateur MiBe)
  6303 | D:4      | Found a runed translucent gate.
  6303 | D:4      | Found a runed translucent gate.
  6303 | D:4      | Found a runed translucent gate.
  6711 | D:5      | Entered Level 5 of the Dungeon
  6724 | D:5      | Noticed Blork the orc
  7067 | D:5      | Reached XP level 8. HP: 52/54 MP: 14/14
  7558 | D:5      | Killed Blork the orc
  8333 | D:6      | Reached ** piety under Hepliaklqana
  8334 | D:6      | Remembered your ancestor Cuahtemoc as a knight
  8584 | D:6      | Found a staircase to the Ecumenical Temple.
  8630 | Temple   | Entered the Ecumenical Temple
  8630 | Temple   | Found a transporter.
  8630 | Temple   | Found a transporter.
  8762 | D:6      | Reached XP level 9. HP: 51/59 MP: 16/16
  9041 | D:7      | Found a radiant altar of Vehumet.
  9078 | D:7      | Found a shimmering altar of Xom.
  9119 | D:7      | Reached skill level 5 in Spellcasting
  9452 | D:8      | Found Rughaud's Lightly-Used Armoury.
  9468 | D:8      | Reached skill level 5 in Fighting
  9594 | D:8      | Noticed a hornet
  9602 | D:8      | Killed a hornet
  9716 | D:8      | Reached *** piety under Hepliaklqana
  9730 | D:8      | Reached skill level 5 in Invocations
  9770 | D:8      | Learned a level 3 spell: Inner Flame
  9918 | D:9      | Found a staircase to the Lair.
  9968 | D:9      | Found a white marble altar of Elyvilon.
  9996 | D:9      | Reached skill level 5 in Short Blades
  9996 | D:9      | Reached skill level 5 in Long Blades
  9996 | D:9      | Reached skill level 5 in Axes
  9996 | D:9      | Reached skill level 5 in Maces & Flails
  9996 | D:9      | Reached skill level 5 in Polearms
  9996 | D:9      | Reached skill level 5 in Staves
  9996 | D:9      | Reached skill level 5 in Throwing
  9996 | D:9      | Reached skill level 5 in Armour
  9996 | D:9      | Reached skill level 5 in Stealth
  9996 | D:9      | Reached skill level 5 in Shields
  9996 | D:9      | Reached skill level 5 in Unarmed Combat
  9996 | D:9      | Reached skill level 5 in Evocations
  9996 | D:9      | Reached XP level 10. HP: 20/68 MP: 18/18
 10004 | D:9      | Identified the +8 war axe "Toqiam" {vorpal, Fly rCorr}
 10009 | D:9      | Noticed a two-headed ogre
 10055 | D:9      | Found a flagged portal.
 10064 | Bailey   | Entered a bailey
 10357 | Bailey   | Noticed an orc knight
 10367 | Bailey   | Killed an orc knight
 10429 | Bailey   | Noticed an orc warlord
 10456 | Bailey   | Noticed an orc knight
 10818 | Bailey   | Mangled by an orc warlord

Illustrated notes

Levels and vault maps discovered:
D:1:      psy_arrival_radial01, layout_basic
D:2:      minmay_spotlight, layout_basic, basic_altar, uniq_terence,
          uniq_sigmund, uniq_robin
D:3:      layout_loops_cross, nicolae_hepliaklqana_hippocampus,
          mainiacjoe_overflow_large_starburst,
          shapermc_ecumenical_altar_notcrosses
D:4:      minmay_evil_eye, layout_basic, okawaru_ov_weapons_minmay,
          gammafunk_ghost_split
D:5:      minmay_chambers_of_fours, layout_basic, uniq_blork_the_orc
D:6:      layout_basic, temple_pool_b, chequers_serial_rivers_large_b
D:7:      layout_basic, xom_butterflies, mainiacjoe_overflow_paths,
          minmay_misc_feat_more_columns
D:8:      layout_rooms, minmay_shop_damaged
D:9:      layout_small_grid, mainiacjoe_overflow_small_starburst,
          elyvilon_altar_4, minmay_lair_entry_grove, david_orc_4,
          enter_bailey_5, ebering_ghost_disaster_area, glass_columns_c,
          kennysheep_big_empty_room
Temple:   hellmonk_temple_divided_pantheon
Bailey:   bailey_axe_minmay_hex_keep, bailey

Skill      XL: |  1  2  3  4  5  6  7  8  9 10 |
---------------+-------------------------------+-----
Invocations    | 1 2 3 4 5 6 |  6.0
Short Blades   | 1 2 3 5 |  5.4
Long Blades    | 1 2 3 5 |  5.4
Axes           | 1 2 3 5 |  5.4
Maces & Flails | 1 2 3 5 |  5.4
Polearms       | 1 2 3 5 |  5.4
Staves         | 1 2 3 5 |  5.4
Throwing       | 1 2 3 5 |  5.4
Armour         | 1 2 3 5 |  5.4
Stealth        | 1 2 3 5 |  5.4
Shields        | 1 2 3 5 |  5.4
Unarmed Combat | 1 2 3 5 |  5.4
Evocations     | 1 2 3 5 |  5.4
Spellcasting   | 3 4 5 6 |  6.2
Conjurations   | 1 2 3 4 |  4.5
Summonings     | 1 2 3 4 |  4.5
Necromancy     | 1 2 3 4 |  4.5
Translocations | 1 2 3 4 |  4.5
Transmutations | 1 2 3 4 |  4.5
Fire Magic     | 1 2 3 4 |  4.5
Ice Magic      | 1 2 3 4 |  4.5
Air Magic      | 1 2 3 4 |  4.5
Earth Magic    | 1 2 3 4 |  4.5
Poison Magic   | 1 2 3 4 |  4.5
Fighting       | 3 4 5 6 |  6.1
Ranged Weapons | 5 6 7 |  7.2
Dodging        | 5 6 7 |  7.2
Hexes          | 6 7 |  7.2

Action                   |  1- 3 |  4- 6 |  7- 9 | 10-12 || total
-------------------------+-------+-------+-------+-------++-------
Melee: Short sword       |       |    13 |       |       ||    13
       Bite              |       |     3 |     7 |     5 ||    15
       Flail             |       |    29 |    51 |       ||    80
       Spear             |       |     8 |    60 |     2 ||    70
       Punch             |       |     2 |       |       ||     2
       War axe           |       |       |       |    56 ||    56
 Fire: Sling             |    78 |   291 |   210 |    36 ||   615
 Cast: Slow              |    10 |    39 |     5 |     5 ||    59
       Inner Flame       |       |       |       |     6 ||     6
Invok: Ancestor Life: Kn |       |       |     1 |       ||     1
       Recall Ancestor   |       |       |     1 |     3 ||     4
  Use: Potion            |       |     1 |       |     1 ||     2
       Scroll            |       |       |     7 |     3 ||    10
 Stab: Sleeping          |       |       |     3 |       ||     3
Armor: Robe              |     4 |    33 |    25 |     8 ||    70
Dodge: Dodged            |     8 |   126 |    70 |    19 ||   223
Block: Buckler           |       |       |    23 |    29 ||    52
       Reflection        |       |       |     3 |     1 ||     4
